BSA
LOS ANGELES BRUINS @ AUSTIN RIVER SHARKS
08/26/2024
 
TOP OF THE 1ST
Los Angeles Bruins batting - Pitching for Austin River Sharks : RHP Ramón Estrada
Pitching: RHP Ramón Estrada
Batting: LHB José Antonio Santiago 0-0: Ball
1-0: Ball
2-0: Ball
3-0: Base on Balls
Batting: SHB Ramón Lugo 0-0: Ball
1-0: Called Strike
José Antonio Santiago steals 2nd base
1-1: SINGLE (Groundball, 4MD)
José Antonio Santiago to third
Batting: RHB Rubén Calderón 0-0: Called Strike
0-1: Ball
1-1: Foul Ball, location: 2F
1-2: Strikes out swinging
Batting: LHB Richard Hunter 0-0: Called Strike
0-1: Fly out, F4 (Popup, 3D)
Batting: RHB Morgan Gibbon 0-0: DOUBLE (Line Drive, 78D)
José Antonio Santiago scores
Ramón Lugo to third
Runner from 3rd tries for Home, throw and OUT!
Top of the 1st over - 1 run(s), 2 hit(s), 0 error(s), 1 left on base; Los Angeles 1 - Austin 0
BOTTOM OF THE 1ST
Austin River Sharks batting - Pitching for Los Angeles Bruins : RHP Jesse Green
Pitching: RHP Jesse Green
Batting: RHB Clark Hodge 0-0: Ball
1-0: Ground out 5-3 (Groundball, 5)
Batting: RHB Edouard Padovano 0-0: Called Strike
0-1: Ball
1-1: Ball
2-1: DOUBLE (Groundball, 5L)
Batting: LHB Pedro Zaragoza 0-0: Ball
1-0: DOUBLE (Line Drive, 7LD)
Edouard Padovano scores
Batting: LHB Roberto García 0-0: Ball
1-0: SINGLE (Groundball, 4M)
Pedro Zaragoza to third
Runner from 3rd tries for Home, SAFE, throw made home
Roberto García to second
Batting: SHB Juan Castro 0-0: Called Strike
0-1: Ball
1-1: Foul Ball, location: 2F
1-2: Ball
2-2: Ball
3-2: Strikes out swinging
Batting: RHB Rich Ruffin 0-0: Foul Ball, location: 2F
0-1: Ball
1-1: Foul Ball, location: 2F
1-2: Ball
2-2: Strikes out looking
Bottom of the 1st over - 2 run(s), 3 hit(s), 0 error(s), 1 left on base; Los Angeles 1 - Austin 2
TOP OF THE 2ND
Los Angeles Bruins batting - Pitching for Austin River Sharks : RHP Ramón Estrada
Batting: SHB Zach Franks 0-0: Ball
1-0: Called Strike
1-1: Foul Ball, location: 2F
1-2: Ball
2-2: Foul Ball, location: 2F
2-2: Strikes out swinging, 2-3 out at first.
Batting: LHB David Richardson 0-0: Ball
1-0: Called Strike
1-1: Foul Ball, location: 2F
1-2: Ball
2-2: Foul Ball, location: 2F
2-2: Foul Ball, location: 2F
2-2: Ball
3-2: Ground out 1-3 (Groundball, 13)
Batting: SHB Miguel González 0-0: Ball
1-0: Called Strike
1-1: Swinging Strike
1-2: Foul Ball, location: 2F
1-2: Ball
2-2: Foul Ball, location: 2F
2-2: Ground out 4-3 (Groundball, 4)
Top of the 2nd over - 0 run(s), 0 hit(s), 0 error(s), 0 left on base; Los Angeles 1 - Austin 2
BOTTOM OF THE 2ND
Austin River Sharks batting - Pitching for Los Angeles Bruins : RHP Jesse Green
Batting: RHB Kenneth Roberts 0-0: Ball
1-0: Swinging Strike
1-1: Ball
2-1: Ground out 6-3 (Groundball, 6)
Batting: RHB José Balina 0-0: Ball
1-0: Swinging Strike
1-1: Ground out 6-3 (Groundball, 6)
Batting: LHB Terry Maloney 0-0: Called Strike
0-1: Ball
1-1: Called Strike
1-2: Foul Ball, location: 2F
1-2: Foul Ball, location: 2F
1-2: Strikes out swinging
Bottom of the 2nd over - 0 run(s), 0 hit(s), 0 error(s), 0 left on base; Los Angeles 1 - Austin 2
TOP OF THE 3RD
Los Angeles Bruins batting - Pitching for Austin River Sharks : RHP Ramón Estrada
Batting: RHB Tom Doherty 0-0: Ground out 4-3 (Groundball, 4)
Batting: LHB José Antonio Santiago 0-0: Ball
1-0: Ball
2-0: Foul Ball, location: 2F
2-1: Called Strike
2-2: Foul Ball, location: 2F
2-2: Foul Ball, location: 2F
2-2: Ball
3-2: Base on Balls
Batting: SHB Ramón Lugo 0-0: Called Strike
0-1: Ball
1-1: Ball
2-1: Ball
3-1: Grounds into double play, 3-6-3 (Groundball, 3)
Top of the 3rd over - 0 run(s), 0 hit(s), 0 error(s), 0 left on base; Los Angeles 1 - Austin 2
BOTTOM OF THE 3RD
Austin River Sharks batting - Pitching for Los Angeles Bruins : RHP Jesse Green
Batting: RHB Clark Hodge 0-0: Called Strike
0-1: Swinging Strike
0-2: Ground out 5-3 (Groundball, 56)
Batting: RHB Edouard Padovano 0-0: Ball
1-0: Ball
2-0: Called Strike
2-1: Reached on error, E6 (Groundball, 6)
Batting: LHB Pedro Zaragoza 0-0: Ground out U3 (Groundball, 3L)
Edouard Padovano to third
Batting: LHB Roberto García 0-0: Ball
1-0: Ball
2-0: Called Strike
2-1: Foul Ball, location: 2F
2-2: Ball
3-2: Foul Ball, location: 2F
3-2: Base on Balls
Batting: SHB Juan Castro 0-0: SINGLE (Groundball, 56S) (infield hit)
Edouard Padovano scores
Roberto García to second
Batting: RHB Rich Ruffin 0-0: Foul Ball, location: 2F
0-1: Ball
1-1: Ball
2-1: Foul Ball, location: 2F
2-2: Ball
3-2: Fly out, F8 (Flyball, 8RM)
Bottom of the 3rd over - 1 run(s), 1 hit(s), 1 error(s), 2 left on base; Los Angeles 1 - Austin 3
TOP OF THE 4TH
Los Angeles Bruins batting - Pitching for Austin River Sharks : RHP Ramón Estrada
Batting: RHB Rubén Calderón 0-0: Foul Ball, location: 2F
0-1: Ball
1-1: Ground out 6-3 (Groundball, 6)
Batting: LHB Richard Hunter 0-0: Ball
1-0: SINGLE (Line Drive, 89S)
Batting: RHB Morgan Gibbon 0-0: Ball
1-0: Foul Ball, location: 2F
1-1: Ball
2-1: Ball
3-1: Grounds into double play, 3-6-3 (Groundball, 3)
Top of the 4th over - 0 run(s), 1 hit(s), 0 error(s), 0 left on base; Los Angeles 1 - Austin 3
BOTTOM OF THE 4TH
Austin River Sharks batting - Pitching for Los Angeles Bruins : RHP Jesse Green
Batting: RHB Kenneth Roberts 0-0: Ball
1-0: Swinging Strike
1-1: Ball
2-1: Ball
3-1: Called Strike
3-2: SINGLE (Groundball, 6MD)
Batting: RHB José Balina 0-0: SINGLE (Line Drive, 56D)
Kenneth Roberts to second
Batting: LHB Terry Maloney 0-0: Ball
1-0: Foul Ball, location: 2F
1-1: Foul Ball, location: 2F
1-2: Ball
2-2: Strikes out swinging
Batting: RHB Clark Hodge 0-0: Called Strike
0-1: Ball
1-1: Ball
2-1: Called Strike
2-2: Foul Ball, location: 2F
2-2: Fly out, F9 (Flyball, 89D)
Runner from 2nd tags up, SAFE at 3rd, no throw
Batting: RHB Edouard Padovano 0-0: Called Strike
0-1: Foul Ball, location: 2F
0-2: Ball
1-2: Foul Ball, location: 2F
1-2: Foul Ball, location: 2F
1-2: Foul Ball, location: 2F
1-2: Foul Ball, location: 2F
1-2: Ball
2-2: Fielders Choice at 2nd, 6-4 (Groundball, 6)
Bottom of the 4th over - 0 run(s), 2 hit(s), 0 error(s), 1 left on base; Los Angeles 1 - Austin 3
TOP OF THE 5TH
Los Angeles Bruins batting - Pitching for Austin River Sharks : RHP Ramón Estrada
Batting: SHB Zach Franks 0-0: Ball
1-0: Ground out U3 (Groundball, 3S)
Batting: LHB David Richardson 0-0: Called Strike
0-1: Ground out 4-3 (Groundball, 4)
Batting: SHB Miguel González 0-0: Foul Ball, location: 2F
0-1: Ground out 4-3 (Groundball, 4)
Top of the 5th over - 0 run(s), 0 hit(s), 0 error(s), 0 left on base; Los Angeles 1 - Austin 3
BOTTOM OF THE 5TH
Austin River Sharks batting - Pitching for Los Angeles Bruins : RHP Jesse Green
Batting: LHB Pedro Zaragoza 0-0: Ball
1-0: Ball
2-0: Ground out 4-3 (Groundball, 4)
Batting: LHB Roberto García 0-0: Ball
1-0: Foul Ball, location: 2F
1-1: Ball
2-1: Ground out 5-3 (Groundball, 56)
Batting: SHB Juan Castro 0-0: Ball
1-0: Hit by Pitch
Batting: RHB Rich Ruffin 0-0: Foul Ball, location: 2F
0-1: Ball
1-1: Foul Ball, location: 2F
1-2: Ball
2-2: Ground out 6-3 (Groundball, 56)
Bottom of the 5th over - 0 run(s), 0 hit(s), 0 error(s), 1 left on base; Los Angeles 1 - Austin 3
TOP OF THE 6TH
Los Angeles Bruins batting - Pitching for Austin River Sharks : RHP Ramón Estrada
Batting: RHB Tom Doherty 0-0: Called Strike
0-1: Ball
1-1: Foul Ball, location: 2F
1-2: Ball
2-2: Foul Ball, location: 2F
2-2: Ball
3-2: Foul Ball, location: 2F
3-2: Strikes out looking
Batting: LHB José Antonio Santiago 0-0: Ball
1-0: Ground out U3 (Groundball, 3)
Batting: SHB Ramón Lugo 0-0: Called Strike
0-1: Ground out 4-3 (Groundball, 4)
Top of the 6th over - 0 run(s), 0 hit(s), 0 error(s), 0 left on base; Los Angeles 1 - Austin 3
BOTTOM OF THE 6TH
Austin River Sharks batting - Pitching for Los Angeles Bruins : RHP Jesse Green
Pitching: RHP António Juárez
Batting: RHB Kenneth Roberts 0-0: Ball
1-0: Swinging Strike
1-1: Ball
2-1: Called Strike
2-2: Ground out 4-3 (Groundball, 4)
Batting: RHB José Balina 0-0: Fly out, F9 (Line Drive, 89S)
Batting: LHB Terry Maloney 0-0: Ball
1-0: Ball
2-0: Ball
3-0: Base on Balls
Batting: RHB Clark Hodge 0-0: Called Strike
0-1: Ball
1-1: Called Strike
1-2: Ball
2-2: Strikes out looking
Bottom of the 6th over - 0 run(s), 0 hit(s), 0 error(s), 1 left on base; Los Angeles 1 - Austin 3
TOP OF THE 7TH
Los Angeles Bruins batting - Pitching for Austin River Sharks : RHP Ramón Estrada
Batting: RHB Rubén Calderón 0-0: Ball
1-0: Ground out 5-3 (Groundball, 5)
Batting: LHB Richard Hunter 0-0: Called Strike
0-1: Ball
1-1: Called Strike
1-2: SOLO HOME RUN (Flyball, 8RXD), Distance : 438 ft
Batting: RHB Morgan Gibbon 0-0: Fly out, F4 (Line Drive, 4MD)
Batting: SHB Zach Franks 0-0: SOLO HOME RUN (Flyball, 9D), Distance : 387 ft
Batting: LHB David Richardson 0-0: Foul Ball, location: 2F
0-1: Ball
1-1: Ball
2-1: Ball
3-1: Foul Ball, location: 2F
3-2: Ground out 4-3 (Groundball, 34)
Top of the 7th over - 2 run(s), 2 hit(s), 0 error(s), 0 left on base; Los Angeles 3 - Austin 3
BOTTOM OF THE 7TH
Austin River Sharks batting - Pitching for Los Angeles Bruins : RHP António Juárez
Batting: RHB Edouard Padovano 0-0: Ball
1-0: Ball
2-0: Ball
3-0: Swinging Strike
3-1: Called Strike
3-2: Foul Ball, location: 2F
3-2: Strikes out swinging
Batting: LHB Pedro Zaragoza 0-0: Ball
1-0: SINGLE (Groundball, 34D)
Batting: LHB Roberto García 0-0: Ball
1-0: Ball
2-0: Called Strike
2-1: Foul Ball, location: 2F
2-2: Ball
3-2: Ground out 5-3 (Groundball, 5S)
Pedro Zaragoza to second
Batting: SHB Juan Castro 0-0: Foul Ball, location: 2F
0-1: Swinging Strike
0-2: Foul Ball, location: 2F
0-2: Ball
1-2: Strikes out swinging
Bottom of the 7th over - 0 run(s), 1 hit(s), 0 error(s), 1 left on base; Los Angeles 3 - Austin 3
TOP OF THE 8TH
Los Angeles Bruins batting - Pitching for Austin River Sharks : RHP Ramón Estrada
Batting: SHB Miguel González 0-0: Foul Ball, location: 2F
0-1: Ball
1-1: Foul Ball, location: 2F
1-2: Fly out, F7 (Flyball, 7M)
Batting: RHB Tom Doherty 0-0: Ball
1-0: Ball
2-0: Called Strike
2-1: SINGLE (Line Drive, 4MD)
Batting: LHB José Antonio Santiago 0-0: Ball
1-0: Ball
2-0: Ball
3-0: Base on Balls
Tom Doherty to second
Pinch Hitting: LHB Tony Abete 0-0: Fielders Choice at 2nd, 6-4 (Groundball, 6M)
Tom Doherty to third
Batting: RHB Rubén Calderón 0-0: Called Strike
0-1: Ball
1-1: Ball
2-1: SINGLE (Groundball, 4M)
Tom Doherty scores
Tony Abete to second
Runner from 2nd tries for 3rd, OUT!
Top of the 8th over - 1 run(s), 2 hit(s), 0 error(s), 1 left on base; Los Angeles 4 - Austin 3
BOTTOM OF THE 8TH
Austin River Sharks batting - Pitching for Los Angeles Bruins : RHP António Juárez
Pitching: RHP José Valdéz
Now at 2B: Gregg Nelson
Batting: RHB Rich Ruffin 0-0: Called Strike
0-1: Swinging Strike
0-2: Ball
1-2: Strikes out swinging
Batting: RHB Kenneth Roberts 0-0: Ball
1-0: Fly out, F9 (Flyball, 9LS)
Batting: RHB José Balina 0-0: Called Strike
0-1: Foul Ball, location: 2F
0-2: Foul Ball, location: 2F
0-2: Ball
1-2: Ball
2-2: Strikes out swinging
Bottom of the 8th over - 0 run(s), 0 hit(s), 0 error(s), 0 left on base; Los Angeles 4 - Austin 3
TOP OF THE 9TH
Los Angeles Bruins batting - Pitching for Austin River Sharks : RHP Ramón Estrada
Pitching: RHP Daniel Morris
Batting: LHB Richard Hunter 0-0: Ball
1-0: Ball
2-0: Called Strike
2-1: SOLO HOME RUN (Flyball, 9D), Distance : 397 ft
Batting: RHB Morgan Gibbon 0-0: Foul Ball, location: 2F
0-1: Ground out 5-3 (Groundball, 56)
Batting: SHB Zach Franks 0-0: Ground out 5-3 (Groundball, 5S)
Batting: LHB David Richardson 0-0: Called Strike
0-1: Ball
1-1: Ball
2-1: Swinging Strike
2-2: SINGLE (Groundball, 34D)
Batting: SHB Miguel González 0-0: Ground out 4-3 (Groundball, 4)
Top of the 9th over - 1 run(s), 2 hit(s), 0 error(s), 1 left on base; Los Angeles 5 - Austin 3
BOTTOM OF THE 9TH
Austin River Sharks batting - Pitching for Los Angeles Bruins : RHP José Valdéz
Pitching: RHP Joe Cameron
Batting: LHB Terry Maloney 0-0: Ball
1-0: Ball
2-0: Foul Ball, location: 2F
2-1: Foul Ball, location: 2F
2-2: Foul Ball, location: 2F
2-2: Strikes out looking
Batting: RHB Clark Hodge 0-0: Ball
1-0: Ball
2-0: Foul Ball, location: 2F
2-1: SINGLE (Groundball, 4D)
Batting: RHB Edouard Padovano 0-0: Called Strike
0-1: Ball
1-1: Ball
2-1: Foul Ball, location: 2F
2-2: Foul Ball, location: 2F
2-2: Strikes out swinging
Batting: LHB Pedro Zaragoza 0-0: Called Strike
0-1: Ball
1-1: Swinging Strike
1-2: Ball
2-2: Ball
3-2: Foul Ball, location: 2F
3-2: Strikes out swinging
Bottom of the 9th over - 0 run(s), 1 hit(s), 0 error(s), 1 left on base; Los Angeles 5 - Austin 3
This league is powered by Out of the Park Baseball, the baseball management simulation game for PC, Mac and Linux
Saturday, April 9th, 2016 - OOTP Baseball 16.8 Build 38